[Event "Titled Tuesday Blitz March 28 Late 2023"]
[White "Necula, Iulian"]
[Black "Melikhov, Evgeny V."]
[WhiteFideId "1232380"]
[BlackFideId "4122046"]
[WhiteElo "1790"]
[BlackElo "2158"]
[Result "0-1"]
[Round "04"]
[TimeControl "180+2"]
[Date "2023.03.28"]
[WhiteClock "0:00:12"]
[BlackClock "0:00:33"]

1. d4 Nf6 2. Nc3 d5 3. Bf4 c5 4. e3 cxd4 5. exd4 a6 6. Nf3 Bg4 7. Be2 Bxf3 8. Bxf3 Nc6 9. O-O e6 10. h3 h6 11. Re1 Be7 12. a3 O-O 13. Ne2 Bd6 14. Be3 Qc7 15. Rc1 b5 16. Qd2 Na5 17. Qd3 Nc4 18. Rb1 Nxe3 19. Qxe3 Qxc2 20. Rec1 Qg6 21. Nf4 Bxf4 22. Qxf4 Rfc8 23. Qe3 Rc2 24. Rxc2 Qxc2 25. Qc1 Rc8 26. Qxc2 Rxc2 27. Kf1 Kf8 28. Ke1 Ke7 29. b3 Kd6 30. a4 b4 31. a5 Ra2 32. Be2 Rxa5 33. Rc1 Kd7 34. f3 Ra2 35. Rc5 Ne8 36. g4 g5 37. Rc1 Nd6 38. Bd3 a5 39. Rc2 Rxc2 40. Bxc2 Nb5 41. Kd2 Nxd4 42. Bd1 e5 43. Kd3 Nxf3 44. Bxf3 e4+ 45. Bxe4 dxe4+ 46. Kxe4 Ke6 47. Kd4 f5 48. gxf5+ Kxf5 49. Ke3 h5 50. Kf3 g4+ 51. hxg4+ hxg4+ 52. Kg3 Ke4 53. Kxg4 Kd3 54. Kf3 Kc3 55. Ke2 Kxb3 56. Kd1 Kb2 0-1


[Site "https://www.chess.com"]

[Event "Titled Tuesday Blitz March 28 Late 2023"]
[White "Rios Escobar, Adan"]
[Black "Aung Thant Zin"]
[WhiteFideId "3403645"]
[BlackFideId "13000063"]
[WhiteElo "2419"]
[BlackElo "2278"]
[Result "1-0"]
[Round "04"]
[TimeControl "180+2"]
[Date "2023.03.28"]
[WhiteClock "0:00:35"]
[BlackClock "0:00:04"]

1. d4 Nf6 2. g3 e6 3. c4 d5 4. Bg2 Be7 5. Nf3 O-O 6. O-O dxc4 7. Qc2 a6 8. a4 Bd7 9. Rd1 Bc6 10. Nc3 Bb4 11. Bg5 h6 12. Bxf6 Qxf6 13. e4 Bxc3 14. bxc3 b5 15. d5 exd5 16. exd5 Bb7 17. axb5 axb5 18. Rxa8 Bxa8 19. Nd4 Qb6 20. Rb1 c6 21. dxc6 Nxc6 22. Nxb5 Rb8 23. Na3 Qa7 24. Nxc4 Re8 25. Nd6 Rd8 26. Re1 g6 27. Ne4 Kg7 28. h4 Ne5 29. h5 Nc4 30. hxg6 Bxe4 31. Qxe4 Rd2 32. Rf1 Nd6 33. Qf4 fxg6 34. Qxd2 1-0


[Site "https://www.chess.com"]

[Event "Titled Tuesday Blitz March 28 Late 2023"]
[White "Burke, Paul"]
[Black "Vafin, Ayrat"]
[WhiteFideId "2605767"]
[BlackFideId "4146530"]
[WhiteElo "1957"]
[BlackElo "2317"]
[Result "0-1"]
[Round "04"]
[TimeControl "180+2"]
[Date "2023.03.28"]
[WhiteClock "0:00:56"]
[BlackClock "0:00:55"]

1. e4 e5 2. Nf3 Nf6 3. d3 Nc6 4. Be2 d5 5. exd5 Nxd5 6. O-O Bc5 7. Nc3 O-O 8. Nxd5 Qxd5 9. c3 a5 10. Qb3 Qd6 11. Be3 Bg4 12. h3 Be6 13. Qc2 Bxe3 14. fxe3 e4 15. dxe4 Ne5 16. Nd4 c5 17. Nf5 Bxf5 18. exf5 Qf6 19. Rad1 a4 20. e4 h6 21. Rd5 a3 22. b3 Rfd8 23. Rfd1 Rxd5 24. Rxd5 Re8 25. Rxc5 Qb6 26. b4 Nd7 27. Qb3 Nxc5 28. bxc5 Qxb3 29. axb3 a2 0-1


[Site "https://www.chess.com"]

[Event "Titled Tuesday Blitz March 28 Late 2023"]
[White "Santos Flores, Alberto"]
[Black "Rottenwohrer Suarez, Juan"]
[WhiteFideId "3601234"]
[BlackFideId "32068182"]
[WhiteElo "2235"]
[BlackElo "2174"]
[Result "0-1"]
[Round "04"]
[TimeControl "180+2"]
[Date "2023.03.28"]
[WhiteClock "0:00:09"]
[BlackClock "0:00:03"]

1. e4 c5 2. Nf3 Nc6 3. Nc3 g6 4. d4 cxd4 5. Nxd4 Bg7 6. Be3 Nf6 7. Bc4 O-O 8. Bb3 d5 9. exd5 Na5 10. Nde2 a6 11. O-O b5 12. Qd2 Bb7 13. Rad1 Nxb3 14. axb3 b4 15. Na4 Nxd5 16. Bd4 Nf6 17. Qxb4 Qc7 18. Qb6 Qxc2 19. Qxb7 Qxe2 20. Rfe1 Qb5 21. Rxe7 Rad8 22. Nc3 Qh5 23. f3 a5 24. Ree1 Rxd4 25. Rxd4 Qc5 26. Rd1 Nh5 27. Qe4 Rd8 28. Ne2 Bxd4+ 29. Rxd4 Rb8 30. Qd3 Qb6 31. Nc1 Nf4 32. Qd2 Ne6 33. Ne2 Rd8 34. Qc3 Nxd4 35. Nxd4 Qxd4+ 0-1


[Site "https://www.chess.com"]

[Event "Titled Tuesday Blitz March 28 Late 2023"]
[White "koncheto"]
[Black "Vargas, Mauricio"]
[BlackFideId "4404572"]
[WhiteElo "2473"]
[BlackElo "2025"]
[Result "1-0"]
[Round "04"]
[TimeControl "180+2"]
[Date "2023.03.28"]
[WhiteClock "0:00:12"]
[BlackClock "0:00:08"]

1. e4 c5 2. Nf3 Nc6 3. d4 cxd4 4. Nxd4 g6 5. c4 Bg7 6. Be3 d6 7. Nc3 a6 8. Be2 Nf6 9. O-O Bd7 10. Rc1 O-O 11. Qd2 Rc8 12. Rfd1 Ne5 13. b3 Neg4 14. Bxg4 Nxg4 15. Bg5 h6 16. Bh4 g5 17. Bg3 h5 18. Qxg5 Nf6 19. f3 Rc5 20. Qe3 h4 21. Bxh4 Rh5 22. Bg5 Qa5 23. h4 Nh7 24. g4 Nxg5 25. gxh5 Nh3+ 26. Kf1 Qxh5 27. Nd5 Bh6 28. f4 Qxh4 29. Rc3 Bg4 30. Qg3 Qh5 31. Rd2 Kh7 32. Rh2 Bxf4 33. Nxf4 1-0


[Site "https://www.chess.com"]

[Event "Titled Tuesday Blitz March 28 Late 2023"]
[White "Pires, Marcos Vinicius Torsani"]
[Black "Eggleston, Thomas A"]
[WhiteFideId "2118939"]
[BlackFideId "412139"]
[WhiteElo "2273"]
[BlackElo "2155"]
[Result "1-0"]
[Round "04"]
[TimeControl "180+2"]
[Date "2023.03.28"]
[WhiteClock "0:00:21"]
[BlackClock "0:00:01"]

1. d4 e6 2. Bf4 f5 3. e3 Nf6 4. Nf3 d5 5. c4 c6 6. Nc3 Bd6 7. Bd3 O-O 8. O-O Ne4 9. Qc2 a5 10. a3 Qe7 11. Rab1 Bd7 12. Bxd6 Qxd6 13. Ne5 Be8 14. f3 Nxc3 15. bxc3 Ra7 16. cxd5 cxd5 17. c4 Nc6 18. Rb6 Qd8 19. Nxc6 Bxc6 20. Rfb1 f4 21. Bxh7+ Kh8 22. cxd5 exd5 23. Bd3 fxe3 24. Qe2 Qh4 25. Qxe3 Raa8 26. Qf2 Qf4 27. Kh1 Rae8 28. Qg3 Qxg3 29. hxg3 Re3 30. Bb5 Rxa3 31. Bxc6 bxc6 32. Rxc6 Ra4 33. Rb5 Rxd4 34. Rxa5 Rf5 35. g4 Rf6 36. Rc8+ Kh7 37. Rd8 Rd1+ 38. Kh2 d4 39. Rad5 Rf4 40. Kg3 Rf7 41. Rxd4 Ra1 42. R4d5 Rc7 43. Rh5+ Kg6 44. Rd6+ Kf7 45. Rf5+ Kg8 46. Rd2 Re7 47. Rfd5 Ra3 48. Rd8+ Kh7 49. R8d7 Re6 50. Rc7 Rb6 51. Rdd7 Rg6 52. Rd5 Ra2 53. Rc8 Rh6 54. Rb8 Rh1 55. Rh5+ 1-0


[Site "https://www.chess.com"]

[Event "Titled Tuesday Blitz March 28 Late 2023"]
[White "Goraj, Barbara"]
[Black "De Souza, Cristiano Gomes"]
[WhiteFideId "21816166"]
[BlackFideId "2151758"]
[WhiteElo "2074"]
[BlackElo "2068"]
[Result "1-0"]
[Round "04"]
[TimeControl "180+2"]
[Date "2023.03.28"]
[WhiteClock "0:00:56"]
[BlackClock "0:00:14"]

1. Nf3 Nf6 2. g3 g6 3. Bg2 Bg7 4. O-O O-O 5. d4 d5 6. c4 c6 7. b3 Bf5 8. Bb2 Nbd7 9. Nc3 Ne4 10. Nh4 Nxc3 11. Bxc3 Be6 12. c5 Nf6 13. f4 Qd7 14. Nf3 Bh3 15. Ne5 Qc8 16. e3 Bxg2 17. Kxg2 Ne4 18. Rc1 f6 19. Nd3 Qe6 20. Qf3 a5 21. g4 f5 22. g5 a4 23. b4 Kf7 24. h4 h6 25. Rh1 hxg5 26. hxg5 Rh8 27. a3 Rxh1 28. Kxh1 Rh8+ 29. Kg2 Ke8 30. Be1 Qg8 31. Bg3 Qh7 32. Nf2 Nxf2 33. Kxf2 Kd7 34. b5 Rb8 35. Rb1 Qg8 36. Qd1 Ra8 37. bxc6+ bxc6 38. Rb7+ Ke6 39. Qb1 Qc8 40. Qb6 Kf7 41. Rc7 Qh8 42. Qxc6 Rb8 43. Qxd5+ Kf8 44. Rb7 Rxb7 45. Qxb7 Qh3 46. c6 Qh1 47. Qb8+ Kf7 48. c7 1-0


[Site "https://www.chess.com"]

[Event "Titled Tuesday Blitz March 28 Late 2023"]
[White "Coelho, Ramyres Santana"]
[Black "Ansh M Shah"]
[WhiteFideId "2120690"]
[BlackFideId "25033379"]
[WhiteElo "1888"]
[BlackElo "2084"]
[Result "0-1"]
[Round "04"]
[TimeControl "180+2"]
[Date "2023.03.28"]
[WhiteClock "0:00:09"]
[BlackClock "0:00:31"]

1. e4 c6 2. d4 d5 3. Nc3 dxe4 4. Nxe4 Nf6 5. Nxf6+ exf6 6. Nf3 Bd6 7. Be3 O-O 8. Qd2 Bg4 9. O-O-O Nd7 10. h3 Be6 11. Kb1 b5 12. g4 f5 13. gxf5 Bxf5 14. Bd3 Bxd3 15. Qxd3 Nf6 16. Rdg1 Re8 17. Bh6 Bf8 18. Ne5 Qd5 19. Bg5 Ne4 20. Be3 c5 21. f3 Nf6 22. Ng4 Nxg4 23. hxg4 g6 24. Bf2 cxd4 25. Bxd4 Rad8 26. c3 Bg7 27. Rd1 Bxd4 28. cxd4 Qc4 29. Qd2 Re2 30. Qc3 Qxc3 31. bxc3 Rc8 32. Rd3 b4 33. Rc1 bxc3 34. Rcxc3 Rxc3 35. Rxc3 Rd2 36. Rc4 g5 37. a4 Rd3 38. Rc5 h6 39. d5 Rxf3 40. Kc2 Kf8 41. d6 Ke8 42. Rc7 a5 43. Ra7 Rf4 44. Rxa5 Kd7 45. Ra6 Rxg4 46. Ra7+ Kxd6 47. Rxf7 Rxa4 48. Rf6+ Ke5 49. Rxh6 Rd4 50. Kc3 Rd8 51. Rg6 Kf4 52. Rf6+ Kg3 53. Rg6 g4 54. Rg7 Kf3 55. Rf7+ Kg2 56. Rg7 g3 57. Rg6 Kf2 58. Rf6+ Kg1 59. Rg6 g2 60. Rg8 Rxg8 0-1


[Site "https://www.chess.com"]

[Event "Titled Tuesday Blitz March 28 Late 2023"]
[White "Bongo Akanga Ndjila, Barthelemy"]
[Black "Figorito, Nick"]
[WhiteFideId "10609431"]
[BlackFideId "30923689"]
[WhiteElo "1768"]
[BlackElo "2338"]
[Result "1-0"]
[Round "04"]
[TimeControl "180+2"]
[Date "2023.03.28"]
[WhiteClock "0:00:44"]
[BlackClock "0:00:31"]

1. d4 Nf6 2. c4 g6 3. Nc3 d5 4. Nf3 Bg7 5. Bf4 O-O 6. e3 c5 7. dxc5 Qa5 8. Be2 dxc4 9. Bxc4 Qxc5 10. Be2 Nc6 11. O-O Rd8 12. Qc1 Bf5 13. Rd1 Rxd1+ 14. Qxd1 Rd8 15. Qc1 Ne4 16. Na4 Qxc1+ 17. Rxc1 Nd2 18. b3 Bg4 19. Nc5 Na5 20. Bc7 Nxf3+ 21. gxf3 Rd2 22. Bxa5 Rxa2 23. Bb4 Bh3 24. Nxb7 Bb2 25. Rd1 Bf6 26. Bf1 Be6 27. Nc5 Bf5 28. e4 Be6 29. Nxe6 fxe6 30. Bc4 Kf7 31. Rd7 Bh4 32. Be1 Ra1 33. Kf1 Ra2 34. b4 Rc2 35. Be2 Ra2 36. b5 Bf6 37. Bc4 Be5 38. Bxa2 1-0


[Site "https://www.chess.com"]

[Event "Titled Tuesday Blitz March 28 Late 2023"]
[White "Calugar, Arthur"]
[Black "ilya2700"]
[WhiteFideId "2606933"]
[WhiteElo "2312"]
[BlackElo "2216"]
[Result "0-1"]
[Round "04"]
[TimeControl "180+2"]
[Date "2023.03.28"]
[WhiteClock "0:00:04"]
[BlackClock "0:00:48"]

1. e4 c5 2. Nf3 e6 3. d4 cxd4 4. Nxd4 Nf6 5. Nc3 Nc6 6. Nxc6 bxc6 7. e5 Nd5 8. Ne4 Qc7 9. f4 Qb6 10. Bd3 Be7 11. Qe2 O-O 12. a3 f5 13. exf6 Nxf6 14. Rb1 d5 15. Ng5 Bxa3 16. Nxe6 Bxe6 17. Qxe6+ Kh8 18. Be3 Bc5 19. Bxc5 Qxc5 20. Kd1 Rae8 21. Qh3 Ne4 22. Bxe4 Rxe4 23. b4 Qf2 24. Qf3 Rd4+ 25. Kc1 Qd2+ 26. Kb2 Rxb4+ 27. Ka3 Rfb8 28. Rb3 c5 29. Rhb1 Qxc2 30. Rxb4 cxb4+ 31. Rxb4 Qc5 32. Qb3 a5 0-1


[Site "https://www.chess.com"]

[Event "Titled Tuesday Blitz March 28 Late 2023"]
[White "Golubev, Mikhail"]
[Black "Osmonbekov, Talaibek"]
[WhiteFideId "14100983"]
[BlackFideId "2017253"]
[WhiteElo "2374"]
[BlackElo "2135"]
[Result "1-0"]
[Round "04"]
[TimeControl "180+2"]
[Date "2023.03.28"]
[WhiteClock "0:00:16"]
[BlackClock "0:00:02"]

1. e4 c5 2. Nf3 d6 3. d4 cxd4 4. Nxd4 Nf6 5. Nc3 g6 6. Be3 Bg7 7. f3 O-O 8. Qd2 Nc6 9. Bc4 Bd7 10. h4 Rc8 11. Nxc6 Bxc6 12. Bb3 h5 13. O-O-O b5 14. Bh6 a5 15. Qg5 Kh7 16. Bxg7 Kxg7 17. e5 a4 18. Bxf7 Rxf7 19. exf6+ exf6 20. Qf4 b4 21. Qxb4 Rb8 22. Rxd6 Qe8 23. Qd4 a3 24. b3 Bd7 25. Ne4 Qe5 26. Rxd7 Rxd7 27. Qxd7+ Kh8 28. c3 f5 29. Qd6 1-0


[Site "https://www.chess.com"]

[Event "Titled Tuesday Blitz March 28 Late 2023"]
[White "Palacio,Igor Da Paz"]
[Black "Romero Pallares, Daniel"]
[WhiteFideId "2121140"]
[BlackFideId "32025637"]
[WhiteElo "2126"]
[BlackElo "2195"]
[Result "1-0"]
[Round "04"]
[TimeControl "180+2"]
[Date "2023.03.28"]
[WhiteClock "0:00:35"]
[BlackClock "0:00:20"]

1. e4 g6 2. Nc3 Bg7 3. g3 d6 4. Bg2 Nf6 5. d4 O-O 6. Nge2 Nc6 7. h3 e5 8. Be3 exd4 9. Nxd4 Bd7 10. O-O Re8 11. f4 Nxd4 12. Bxd4 c5 13. Bf2 Bc6 14. Re1 Qc7 15. Rb1 b5 16. a3 a5 17. Nd5 Bxd5 18. exd5 b4 19. axb4 axb4 20. Qd3 c4 21. Qf3 Nd7 22. Re4 Nc5 23. Rxc4 Qb6 24. Kh2 Qa6 25. b3 Qa2 26. Rd1 Qb2 27. h4 h5 28. f5 Ra1 29. Rxa1 Qxa1 30. f6 Bxf6 31. Rf4 Kg7 32. Be3 Re7 33. Rxf6 Qxf6 34. Bh6+ 1-0


[Site "https://www.chess.com"]

[Event "Titled Tuesday Blitz March 28 Late 2023"]
[White "Dahlgren, James Allen"]
[Black "sissahungrychess"]
[WhiteFideId "22256873"]
[WhiteElo "2192"]
[BlackElo "2391"]
[Result "1-0"]
[Round "04"]
[TimeControl "180+2"]
[Date "2023.03.28"]
[WhiteClock "0:01:39"]
[BlackClock "0:00:37"]

1. e4 c5 2. Nc3 Nc6 3. g3 g6 4. Bg2 Bg7 5. Nge2 d6 6. O-O Nf6 7. d3 O-O 8. f4 Rb8 9. h3 Nd7 10. Be3 b5 11. Qd2 b4 12. Nd1 Nd4 13. Nxd4 cxd4 14. Bf2 a5 15. a4 Nc5 16. b3 Bd7 17. g4 Qc7 18. Bg3 Rbc8 19. Nf2 Bc6 20. g5 Nd7 21. Ng4 f5 22. Nh6+ Kh8 23. Rf2 e5 24. fxe5 dxe5 25. exf5 Bxg2 26. Kxg2 Bxh6 27. gxh6 Rxf5 28. Raf1 Rcf8 29. Qg5 Qc6+ 30. Kg1 Qf6 31. Rxf5 Qxf5 32. Rxf5 1-0


[Site "https://www.chess.com"]

[Event "Titled Tuesday Blitz March 28 Late 2023"]
[White "lluiss"]
[Black "Ozalp, Burak"]
[BlackFideId "6314210"]
[WhiteElo "2185"]
[BlackElo "2106"]
[Result "0-1"]
[Round "04"]
[TimeControl "180+2"]
[Date "2023.03.28"]
[WhiteClock "0:00:07"]
[BlackClock "0:00:05"]

1. Nf3 d5 2. d4 Nf6 3. c4 c6 4. cxd5 cxd5 5. Nc3 Nc6 6. Bf4 e6 7. e3 a6 8. Bd3 Bd6 9. Bxd6 Qxd6 10. O-O O-O 11. Rc1 b5 12. Qd2 Bb7 13. Bb1 Rfe8 14. Rfd1 Rad8 15. h3 g6 16. Ne1 e5 17. dxe5 Nxe5 18. b3 h5 19. Qe2 Qb6 20. Nd3 d4 21. Nxe5 Rxe5 22. Qd2 d3 23. Bxd3 Ne4 24. Nxe4 Bxe4 25. Qc2 Bb7 26. Bf1 Rde8 27. Qc7 Qa7 28. Rc3 R5e7 29. Qc5 Qa8 30. Qg5 Be4 31. Rdc1 Qb7 32. Rc5 b4 33. f3 Bf5 34. e4 Be6 35. Qf4 Bc8 36. Qg3 Qa7 37. Kh1 Re6 38. Rxh5 Kg7 39. Rg5 Qe7 40. Be2 Bb7 41. Rgc5 Qd7 42. Bc4 R6e7 43. Qf4 Qd8 44. Bd5 Qb8 45. Bxb7 Qxf4 46. Bd5 Qe5 47. Bxf7 Qf6 48. Bxg6 Qxg6 49. Rc6 Qxc6 50. Rxc6 Re6 51. Rc7+ R8e7 52. Rc8 Rd6 53. Rc4 Red7 54. Kh2 a5 55. Rc5 Ra7 56. Rg5+ Kf7 57. Rf5+ Ke7 58. h4 Rd2 59. Kh3 Rxa2 60. h5 a4 61. h6 axb3 62. Rb5 b2 63. Rxb4 Rc7 64. h7 Rc8 65. Rb7+ Kd6 66. Rb6+ Kc5 67. Rb7 Rh8 68. g4 Rxh7+ 69. Rxh7 b1=Q 70. Rc7+ Kd4 71. Rd7+ Ke3 72. Re7 Qg1 73. Kh4 Rh2+ 74. Kg5 Rf2 75. Rf7 Rxf3 76. Rf5 Qg3 77. Rxf3+ Qxf3 78. e5 Ke4 79. Kh4 Kxe5 80. Kh5 Kf4 81. Kh6 Qxg4 82. Kh7 Kf5 83. Kh6 Kf6 84. Kh7 Qg7# 0-1


[Site "https://www.chess.com"]

[Event "Titled Tuesday Blitz March 28 Late 2023"]
[White "Barria Santos, Jose Guilherme"]
[Black "Gerbelli Neto, Eduardo"]
[WhiteFideId "1939300"]
[BlackFideId "2103281"]
[WhiteElo "2301"]
[BlackElo "2178"]
[Result "0-1"]
[Round "04"]
[TimeControl "180+2"]
[Date "2023.03.28"]
[WhiteClock "0:00:08"]
[BlackClock "0:02:08"]

1. e4 e5 2. Nf3 Nc6 3. d4 exd4 4. Nxd4 Bc5 5. Be3 Qf6 6. c3 Nge7 7. Bc4 Ne5 8. Be2 Qg6 9. O-O d6 10. Nd2 h5 11. Nb5 Bh3 12. Bf3 O-O-O 13. Nxa7+ Bxa7 14. Bxa7 b6 15. Kh1 Bg4 16. Qa4 Kb7 17. Bxg4 hxg4 18. f4 Qh5 19. fxe5 Qxh2# 0-1


[Site "https://www.chess.com"]

[Event "Titled Tuesday Blitz March 28 Late 2023"]
[White "Michalski, Olaf"]
[Black "micke12a"]
[WhiteFideId "1106740"]
[WhiteElo "2173"]
[BlackElo "2317"]
[Result "0-1"]
[Round "04"]
[TimeControl "180+2"]
[Date "2023.03.28"]
[WhiteClock "0:01:16"]
[BlackClock "0:02:28"]

1. d4 Nf6 2. c4 g6 3. Nc3 d5 4. cxd5 Nxd5 5. e4 Nxc3 6. bxc3 Bg7 7. Be3 c5 8. Qd2 Qa5 9. Nf3 O-O 10. Rc1 Bg4 11. d5 b5 12. Bxc5 Rc8 13. Bd4 Bxf3 14. gxf3 Bxd4 15. Qxd4 Qxa2 16. Bxb5 Qb2 0-1


[Site "https://www.chess.com"]

[Event "Titled Tuesday Blitz March 28 Late 2023"]
[White "dDobravcan"]
[Black "Fernandez Siles, Luis"]
[BlackFideId "2209420"]
[WhiteElo "2142"]
[BlackElo "2186"]
[Result "0-1"]
[Round "04"]
[TimeControl "180+2"]
[Date "2023.03.28"]
[WhiteClock "0:00:01"]
[BlackClock "0:00:04"]

1. e4 c5 2. b4 cxb4 3. Bb2 d5 4. exd5 Nf6 5. d4 Nxd5 6. Bc4 Nc6 7. Nf3 g6 8. O-O Bg7 9. a3 bxa3 10. Nxa3 O-O 11. h3 Bf5 12. c3 Qd7 13. Nc2 Rac8 14. Bb5 a6 15. Ba4 Nf4 16. Bc1 Nxh3+ 17. gxh3 Bxh3 18. Ne3 Bxf1 19. Qxf1 e6 20. Ne5 Bxe5 21. dxe5 Qe7 22. Ng4 Qh4 23. Qg2 Ne7 24. Nf6+ Kh8 25. Bg5 Qc4 26. Nxh7 Qxc3 27. Bf6+ Kg8 28. Rf1 Rc4 29. Ng5 Rh4 30. Nf3 Rh5 31. Bxe7 Rc8 32. Ng5 Qb4 33. Bd1 Rh4 34. Bf3 Rcc4 35. Rd1 Rcd4 36. Rc1 Rc4 37. Rd1 Rhd4 38. Re1 Qxe1+ 39. Kh2 Rh4+ 0-1


[Site "https://www.chess.com"]

[Event "Titled Tuesday Blitz March 28 Late 2023"]
[White "Hartikainen, Jarmo"]
[Black "Zampronha, Wladimir Camilo"]
[WhiteFideId "503134"]
[BlackFideId "2103087"]
[WhiteElo "2138"]
[BlackElo "2176"]
[Result "0-1"]
[Round "04"]
[TimeControl "180+2"]
[Date "2023.03.28"]
[WhiteClock "0:00:01"]
[BlackClock "0:00:24"]

1. e4 c5 2. c3 Nf6 3. e5 Nd5 4. d4 cxd4 5. Nf3 e6 6. cxd4 b6 7. Nc3 Bb7 8. Bd3 Nxc3 9. bxc3 Qc7 10. Bd2 d6 11. Qe2 Nd7 12. exd6 Bxd6 13. h4 O-O 14. h5 Bf4 15. h6 g6 16. Rh4 Bxd2+ 17. Kxd2 Rac8 18. Rc1 Bd5 19. c4 Bxf3 20. Qxf3 e5 21. d5 f5 22. Qg3 e4 23. Qxc7 Rxc7 24. Be2 Ne5 25. f4 exf3 26. gxf3 Rd8 27. Rd4 Kf7 28. f4 Nd7 29. d6 Rc5 30. Bf3 Nf6 31. Re1 Re8 32. d7 Rd8 33. Bd5+ Nxd5 34. cxd5 Rxd7 35. d6 Rc6 36. Re7+ Rxe7 37. dxe7 Kxe7 38. Ra4 a5 39. Kd3 Kd6 40. Kd4 Rc2 41. Ra3 Rd2+ 42. Ke3 Rd5 43. Rc3 Kd7 44. Rb3 Rd6 45. Rb2 Kc7 46. Rc2+ Kb7 47. Rb2 Ka6 48. Rc2 Rd7 49. Rc6 Kb5 50. Re6 a4 51. Re5+ Kb4 52. Re6 b5 53. Rb6 Kc5 54. Rb8 b4 55. Ke2 Rd4 56. Ke3 Re4+ 57. Kd3 Re7 58. Rc8+ Kb6 0-1


[Site "https://www.chess.com"]

[Event "Titled Tuesday Blitz March 28 Late 2023"]
[White "Winkels, Marcel"]
[Black "Ipek, Egehan"]
[WhiteFideId "1003887"]
[BlackFideId "44523793"]
[WhiteElo "1900"]
[BlackElo "1948"]
[Result "0-1"]
[Round "04"]
[TimeControl "180+2"]
[Date "2023.03.28"]
[WhiteClock "0:00:21"]
[BlackClock "0:00:54"]

1. d4 Nf6 2. Bf4 d5 3. e3 c5 4. Nf3 e6 5. c3 Bd6 6. Bg3 Qc7 7. Nbd2 Nbd7 8. Bd3 O-O 9. Qc2 e5 10. dxe5 Nxe5 11. Nxe5 Bxe5 12. Nf3 Bd6 13. Bh4 Ne4 14. Bxe4 dxe4 15. Qxe4 Bd7 16. O-O Bc6 17. Qg4 f5 18. Qh5 g6 19. Qh6 Rfe8 20. h3 Re4 21. Ng5 Bf8 22. Qxf8+ Rxf8 23. Nxe4 Bxe4 24. Rad1 Qc6 25. f3 Bd5 26. b3 c4 27. b4 a5 28. a3 axb4 29. axb4 Ra8 30. Rd4 Kg7 31. Rfd1 Bf7 32. Rd6 Ra1 33. Bf6+ Kh6 34. Be5 Qxd6 35. Bf4+ Qxf4 0-1


[Site "https://www.chess.com"]

[Event "Titled Tuesday Blitz March 28 Late 2023"]
[White "sebastianmarinp"]
[Black "Vargas Rodriguez, Wilver"]
[BlackFideId "3509672"]
[WhiteElo "2296"]
[BlackElo "2238"]
[Result "0-1"]
[Round "04"]
[TimeControl "180+2"]
[Date "2023.03.28"]
[WhiteClock "0:00:20"]
[BlackClock "0:01:08"]

1. e4 c5 2. Nf3 d6 3. d4 cxd4 4. Nxd4 Nf6 5. Nc3 a6 6. f3 e5 7. Nb3 Be6 8. Be3 Be7 9. Qd2 Qc7 10. g4 b5 11. g5 Nfd7 12. O-O-O Nb6 13. Qf2 N8d7 14. Kb1 O-O 15. Nd5 Nxd5 16. exd5 Bf5 17. Rd2 Rfc8 18. h4 b4 19. Bh3 Bxh3 20. Rxh3 a5 21. Nc1 a4 22. Rd3 Nc5 23. Bxc5 dxc5 24. Re3 c4 25. Qe1 c3 26. b3 axb3 27. Nxb3 Qa7 28. a4 Qxa4 0-1


[Site "https://www.chess.com"]

[Event "Titled Tuesday Blitz March 28 Late 2023"]
[White "Sarkar, Justin"]
[Black "Tsukerman, Julia"]
[WhiteFideId "2010011"]
[BlackFideId "2621649"]
[WhiteElo "2189"]
[BlackElo "1667"]
[Result "1/2-1/2"]
[Round "04"]
[TimeControl "180+2"]
[Date "2023.03.28"]
[WhiteClock "0:00:03"]
[BlackClock "0:00:15"]

1. e4 c5 2. Nf3 d6 3. d4 cxd4 4. Nxd4 Nf6 5. Nc3 a6 6. Be2 e5 7. Nb3 Be6 8. Bg5 Be7 9. Bxf6 Bxf6 10. Qd3 Nc6 11. O-O-O Be7 12. Nd5 Bxd5 13. Qxd5 O-O 14. c3 Qc7 15. Kb1 b5 16. h4 Na5 17. Nxa5 Qxa5 18. h5 h6 19. Rh3 Qb6 20. Rf3 Rac8 21. a3 Qc6 22. Qxc6 Rxc6 23. Rd5 Rfc8 24. Bd1 f6 25. Bb3 Kf8 26. a4 Rc5 27. axb5 axb5 28. Rfd3 b4 29. Rxc5 dxc5 30. Be6 Rc6 31. Bd5 Rb6 32. cxb4 Rxb4 33. b3 Rd4 34. Kc2 Rxd3 35. Kxd3 Ke8 36. Kc4 Kd7 37. Kb5 Kc7 38. f3 Bd6 39. g4 Be7 40. Bc4 Bd6 41. Bd5 Be7 42. Bc4 Bd6 43. Bd5 1/2-1/2


[Site "https://www.chess.com"]

[Event "Titled Tuesday Blitz March 28 Late 2023"]
[White "Sanchez, Robert"]
[Black "Ardila, Oscar Humberto"]
[WhiteFideId "2034360"]
[BlackFideId "4404742"]
[WhiteElo "2092"]
[BlackElo "1911"]
[Result "0-1"]
[Round "04"]
[TimeControl "180+2"]
[Date "2023.03.28"]
[WhiteClock "0:00:40"]
[BlackClock "0:00:22"]

1. e4 e5 2. Nf3 Nf6 3. Nxe5 d6 4. Nf3 Nxe4 5. Nc3 Nxc3 6. bxc3 Be7 7. d4 O-O 8. Bd3 Nd7 9. h4 Nf6 10. Bg5 Bg4 11. Bxf6 Bxf6 12. Bxh7+ Kh8 13. Bd3 Re8+ 14. Kf1 Qd7 15. Qd2 Bxf3 16. gxf3 Qc6 17. Qf4 Qxc3 18. Qf5 Kg8 19. Rd1 Qxd4 20. Qh7+ Kf8 21. h5 Bg5 22. h6 Bxh6 23. Rh5 Ke7 24. c3 Qxc3 25. Re1+ Qxe1+ 26. Kxe1 Kd7+ 27. Kf1 c6 28. Qf5+ Kc7 29. Qxf7+ Kb6 30. Rh4 a5 31. Kg2 Re5 32. Rh1 Rg5+ 33. Kh3 Rb8 34. f4 Rd5 35. Rb1+ Ka7 36. Qc7 Bxf4 37. Qb6+ Ka8 38. Qa6+ bxa6 0-1


[Site "https://www.chess.com"]

[Event "Titled Tuesday Blitz March 28 Late 2023"]
[White "Martinez, Shawn"]
[Black "Dominguez Rincon, Miller Duvan"]
[WhiteFideId "2039770"]
[BlackFideId "4406583"]
[WhiteElo "2174"]
[BlackElo "2005"]
[Result "1-0"]
[Round "04"]
[TimeControl "180+2"]
[Date "2023.03.28"]
[WhiteClock "0:01:31"]
[BlackClock "0:00:12"]

1. d4 d5 2. Nf3 Nf6 3. e3 e6 4. Bd3 c5 5. b3 Nc6 6. a3 Bd6 7. Bb2 O-O 8. Nbd2 b6 9. O-O Bb7 10. Ne5 Qc7 11. f4 Nd7 12. Rf3 f5 13. Rh3 Nf6 14. c4 Rad8 15. cxd5 exd5 16. Bxf5 Ne4 17. Bxh7+ Kh8 18. Ng6# 1-0


[Site "https://www.chess.com"]

[Event "Titled Tuesday Blitz March 28 Late 2023"]
[White "Muhammad, Shahzeb"]
[Black "Narva, Triin"]
[WhiteFideId "7804806"]
[BlackFideId "4502680"]
[WhiteElo "2260"]
[BlackElo "1944"]
[Result "1-0"]
[Round "04"]
[TimeControl "180+2"]
[Date "2023.03.28"]
[WhiteClock "0:00:20"]
[BlackClock "0:00:04"]

1. d4 d5 2. Nf3 g6 3. g3 Bg7 4. Bg2 Nf6 5. O-O O-O 6. c4 c6 7. Nc3 Bg4 8. Ne5 Be6 9. c5 Nfd7 10. Nf3 Na6 11. Ng5 Bf5 12. h3 Nf6 13. a3 h6 14. Nf3 Ne4 15. g4 Nxc3 16. bxc3 Be4 17. Bf4 g5 18. Bg3 f6 19. Re1 e5 20. dxe5 Nxc5 21. exf6 Bxf6 22. Nd4 Bxg2 23. Kxg2 Bxd4 24. cxd4 Ne4 25. Be5 Rxf2+ 26. Kg1 Qf8 27. Qb3 Qf7 28. Rab1 Rf8 29. Qxb7 Nc3 30. Qxf7+ R8xf7 31. Rb8+ Kh7 32. h4 Nxe2+ 33. Rxe2 Rxe2 34. Rh8+ Kg6 35. h5# 1-0


[Site "https://www.chess.com"]

[Event "Titled Tuesday Blitz March 28 Late 2023"]
[White "Ardito, Andrew"]
[Black "morozcoma"]
[WhiteFideId "2033976"]
[WhiteElo "2085"]
[BlackElo "2257"]
[Result "0-1"]
[Round "04"]
[TimeControl "180+2"]
[Date "2023.03.28"]
[WhiteClock "0:01:42"]
[BlackClock "0:02:04"]

1. e4 e5 2. Nf3 Nc6 3. Nc3 Nf6 4. g3 d5 5. exd5 Nxd5 6. Bg2 Be6 7. O-O Nxc3 8. bxc3 Be7 9. Re1 Bf6 10. d4 exd4 11. cxd4 Nxd4 12. Nxd4 Qxd4 13. Qxd4 Bxd4 14. Rb1 O-O 15. Rxb7 Bb6 16. Rxb6 cxb6 17. Bxa8 Rxa8 18. a4 Rc8 19. Re2 h6 20. Bb2 Bg4 21. Re4 Bf3 22. Re3 Rxc2 23. Rxf3 Rxb2 24. Ra3 Kf8 25. Kg2 Ke7 26. Kf3 Kd6 27. a5 b5 28. Rd3+ Kc6 29. Rc3+ Kb7 30. Rd3 Rc2 31. Rd7+ Rc7 32. Rd6 Re7 33. a6+ Kc7 34. Rd5 Kb6 35. Rd6+ Ka5 36. Kf4 b4 37. Kf5 b3 38. Rd3 Ka4 0-1


[Site "https://www.chess.com"]